cohdb
Replays
Latest Replays
All Replays
Popular Replays
Top Player Replays
Match Explorer
How It Works
Community
CoH3 Stats
Reddit
Sign in to upload your games and track your stats! →
Sign in with Steam
Match 44224009
Unlisted
Match 44224009
Overview
Messages
Build Orders
End
Construct Section Command Post
Selects Heavy Armor Battlegroup
Vickers Machine Gun Team
ML 3-inch Mortar Team
Infantry Section
Infantry Section
Construct Platoon Command Post
Selects Rigorous Vehicle Training
Unlock M3 Stuart Light Tanks
M3 Stuart Light Tank
M3 Stuart Light Tank
M3 Stuart Light Tank
Selects Light Vehicle Withdraw and Refit
M3 Stuart Light Tank
Selects Radio Net
Grenade Package
M3 Stuart Light Tank
Radio Net
유파_Yupa
Sherman-C
XIAOXU
화나?너못하자나
마비노기 모바일은 테슬라가 만든 콩국수다.
MähnGiL
GGing_GGang
Barbarossa
0
0
Comments
sign in to comment!
No comments posted yet!